AoeStats
← | ArCas | Toruk Makto

African Clearing

504898855Analyzed
4v4 RM · 25d ago on Sep 7, 2026· 36m 51s· 8 players
Game mode
Random Map
Map size
Large (8 player)
Population
200
Speed
Normal
Resources
Standard
Victory
Conquest
Starting age
Dark Age
Ending age
Imperial Age
RankedLock teamsTeams togetherTeam positionsShared explorationLock speedFull tech treeHidden civsTurbo modeCheats
Victory
Defeat
🇵🇪 Inca · Peru
1349
+13
🇦🇷 Georgians · Argentina
1336
+14
🇦🇷 Saracens · Argentina
1304
+15
🇦🇷 Vietnamese · Argentina
1267
+18
🇺🇸 Mongols · United States
1317
-16
🇦🇷 Khmer · Argentina
1315
-16
🇺🇸 Britons · United States
1284
-15
🇨🇱 Armenians · Chile
1238
-13
Chelowolf
6:06 Loom
12:36 Feudal Age
13:18 Double-Bit Axe
15:19 Pikeman
26:24 Castle Age
34:28 Fletching
| ArCas | Toruk Makto
12:54 Feudal Age
15:55 Castle Age
14:40 Loom
15:46 Forging
15:44 Scale Barding Armor
20:27 Bloodlines
30:57 Horse Collar
31:05 Double-Bit Axe
31:40 Husbandry
33:34 Town Watch
35:19 Wheelbarrow
35:44 Gold Mining
kyugaloric_I
4:04 Loom
13:22 Feudal Age
17:32 Town Watch
18:37 Fletching
24:12 Castle Age
23:08 Double-Bit Axe
24:18 Crossbowman
24:56 Bodkin Arrow
25:26 Padded Archer Armor
28:41 Bow Saw
Mr_Bird
5:27 Loom
15:54 Feudal Age
25:27 Double-Bit Axe
25:26 Horse Collar
26:18 Fletching
33:17 Castle Age
Charly_
6:26 Loom
13:02 Feudal Age
13:07 Feudal Age
17:19 Castle Age
16:11 Double-Bit Axe
16:19 Gold Mining
17:44 Fletching
27:48 Bow Saw
28:34 Wheelbarrow
28:28 Husbandry
30:01 Padded Archer Armor
31:53 Horse Collar
32:04 Stone Mining
32:41 Leather Archer Armor
32:55 Heavy Plow
34:39 Town Watch
35:46 Bodkin Arrow
36:44 Bloodlines
37:05 Hand Cart
juanjemer
11:12 Loom
14:28 Feudal Age
20:47 Castle Age
20:16 Fletching
20:53 Crossbowman
22:17 Bodkin Arrow
23:10 Double-Bit Axe
34:38 Wheelbarrow
34:16 Town Watch
35:36 Bow Saw
38:46 Imperial Age
37:29 Hand Cart
LAO9
3:37 Loom
13:16 Feudal Age
15:43 Fletching
27:03 Castle Age
24:46 Horse Collar
24:52 Double-Bit Axe
24:57 Gold Mining
26:44 Padded Archer Armor
27:08 Crossbowman
27:53 Thumb Ring
27:48 Bodkin Arrow
28:33 Town Watch
29:29 Leather Archer Armor
34:38 Scale Mail Armor
Mysa_
4:50 Loom
13:08 Feudal Age
15:23 Double-Bit Axe
25:56 Horse Collar
32:05 Castle Age
30:23 Fletching
31:53 Stone Mining
32:48 Wheelbarrow
35:30 Town Watch
35:19 Crossbowman
Connection lost

Rejoining the realm…

Still unreachable

The connection could not be restored.

Session expired

The server has moved on; the page needs a fresh start.